 Dungeon Crawl Stone Soup version 0.30.1-4-g462c640d31 (webtiles) character file.

Game seed: 8603407014812082085

17 RabidHobbit the Trooper (level 2, 0/24 HPs)
             Began as a Human Berserker on Aug 13, 2023.
             Was a Follower of Trog.
             Succumbed to an adder's poison
             ... on level 1 of the Dungeon.
             The game lasted 00:08:53 (843 turns).

RabidHobbit the Trooper (Human Berserker)            Turns: 843, Time: 00:08:53

Health: 0/24       AC:  3    Str: 17    XL:     2   Next: 80%
Magic:  2/2        EV: 12    Int:  7    God:    Trog [*.....]
Gold:   39         SH:  0    Dex: 12    Spells: 1/1 levels left

rFire   . . .        m - +1 mace (holy)
rCold   . . .        (no shield)
rNeg    . . .        k - +0 leather armour
rPois   .            (no helmet)
rElec   .            (no cloak)
rCorr   .            (no gloves)
SInv    .            (no boots)
Will    .....        (no amulet)
Stlth   +            (no ring)
HPRegen 0.24/turn    (no ring)
MPRegen 0.08/turn

%: no passive effects
@: lethally poisoned (0 -> -5)
A: no striking features
a: Renounce Religion, Berserk


You were on level 1 of the Dungeon.
You worshipped Trog.
Trog was aware of your devotion.
You visited 1 branch of the dungeon, and saw 2 of its levels.

You collected 39 gold pieces.

Inventory:

Hand Weapons
 a - a +0 spear
 e - a +0 spear
 g - a +0 mace
 h - a +0 spear
 i - a +0 long sword
 j - a +0 mace
 m - a +1 mace of holy wrath (weapon)
Missiles
 c - 6 stones (quivered)
Armour
 b - a +0 animal skin
 k - a +0 leather armour (worn)
Potions
 f - 2 potions of curing
 l - a potion of might {unknown}
 n - a potion of heal wounds {unknown}


   Skills:
 + Level 3.3 Fighting
 + Level 3.3 Polearms
 + Level 2.1 Armour
 + Level 2.1 Dodging
 + Level 0.2 Stealth


You had one spell level left.
You didn't know any spells.
Your spell library contained the following spells:

 Spells                   Type           Power      Damage    Failure   Level
 Blink                    Tloc           0%         N/A       63%         2
 Lesser Beckoning         Tloc           0%         N/A       63%         2
 Momentum Strike          Conj/Tloc      0%         3d8       63%         2


Dungeon Overview and Level Annotations

Branches:
Dungeon (2/15)

Altars:


Message History

The adder bites you but does no damage. x2
You closely miss the adder.
The adder is severely wounded.
The adder closely misses you. The adder bites you.
You are poisoned.
The adder poisons you!
You miss the adder.
The adder is severely wounded.
You feel sick. The adder barely misses you. The adder misses you.
You miss the adder.
The adder is severely wounded.
You feel sick. The adder misses you. The adder bites you but does no damage.
You feel sick. The adder closely misses you.
There is a stone staircase leading up here.
You feel sick. The adder barely misses you.
You climb upwards.
You feel sick.
You are no longer poisoned.
There is a stone staircase leading down here.
You completely miss the adder.
The adder is severely wounded.
The adder closely misses you. The adder misses you.
You closely miss the adder.
The adder is severely wounded.
The adder barely misses you. The adder bites you.
* * * LOW HITPOINT WARNING * * *
As you read the scroll labelled EGESSEOCOPH, it crumbles to dust.
You feel strangely unstable.
It was a scroll of teleportation.
The adder bites you.
* * * LOW HITPOINT WARNING * * *
The adder attacks as you move away! The adder barely misses you.
As you read the scroll of teleportation, it crumbles to dust.
You feel strangely stable. The adder bites you but does no damage.
The adder bites you.
* * * LOW HITPOINT WARNING * * *
You are lethally poisoned!
The adder poisons you!
As you read the scroll labelled SADWYE IPUO, it crumbles to dust.
It is a scroll of identify.
f - 2 potions of curing You die...

........# #.####..###.#.#
.###..#.# #..............
........##
########...#######.#.#
..###.#..###..........#
#.#.# ..#
#.#....#.######..## #.#.#
#.# #.#.##......###..#
####'#.# #.#
#.#.####.##......# #......#
#.# #.#.# #.###S###.#
#......# #.# ..#.# #.# #@#
#.# #......# #.# .##.# #.#
#.# #.# ####'#.# #.# #.#
#.# #.# #.# #.#.# # #.# #.#
#.# #.# #.#.# # # #.#
#.###.# #.# #.#.# #.. #.#
#...#.# #.# #.#.# #.#
#.######.#.###.########.#.#
#.#
#.......................#..
#.#
########.#.###............#


You could see an adder.

Vanquished Creatures
  2 endoplasms (D:1)
  2 giant cockroaches (D:1)
  A hobgoblin (D:1)
  2 jackals (D:1)
  A kobold (D:1)
  A quokka (D:1)
  A ball python (D:1)
  2 bats (D:1)
  A frilled lizard (D:1)
  2 rats (D:1)
15 creatures vanquished.

Notes
Turn   | Place    | Note
-------+----------+-------------------------------------------
     0 | D:1      | RabidHobbit the Human Berserker began the quest for the
                  | Orb.
     0 | D:1      | Reached XP level 1. HP: 18/18 MP: 1/1
   213 | D:1      | Reached XP level 2. HP: 16/24 MP: 2/2
   843 | D:1      | Succumbed to an adder's poison

Illustrated notes

Levels and vault maps discovered:
D:1:      dpeg_arrival_erosion, layout_basic
D:2:      layout_loops_ring, ebering_ecumenical_altar_box,
          uniq_crazy_yiuf_cottage

Action                     || total
---------------------------++-------
  Melee: Spear             ||    50
         Mace              ||    29
    Use: Scroll            ||     3
   Stab: Sleeping          ||     1
 Armour: Animal skin       ||    14
         Leather armour    ||    11
  Dodge: Dodged            ||    68
